 Dungeon Crawl Stone Soup version 0.31.0-11-ge490571c62 (webtiles) character file.

Game seed: 15861613909993768732

18 qw the Shooter (level 2, -1/14 HPs)
             Began as a Spriggan Hunter on Feb 5, 2024.
             Slain by a jackal (2 damage)
             ... on level 1 of the Dungeon.
             The game lasted 00:00:08 (215 turns).

qw the Shooter (Spriggan Hunter)                     Turns: 215, Time: 00:00:09

Health: -1/14      AC:  2    Str:  7    XL:     2   Next: 51%
Magic:  3/3        EV: 19    Int: 10    God:
Gold:   0          SH:  0    Dex: 18    Spells: 1/1 levels left

rFire   . . .        a - +0 shortbow
rCold   . . .        (shield currently unavailable)
rNeg    . . .        c - +0 robe
rPois   .            (helmet restricted)
rElec   .            (no cloak)
rCorr   .            (gloves unavailable)
SInv    +            (boots unavailable)
Will    .....        (no amulet)
Stlth   ++           (no ring)
HPRegen 0.22/turn    (no ring)
MPRegen 0.08/turn

%: no passive effects
@: very quick
A: very small, no large weapons, unfitting armour, see invisible, speed 3
a: no special abilities


You were on level 1 of the Dungeon.
You visited 1 branch of the dungeon, and saw 1 of its levels.


Innate Abilities, Weirdness & Mutations

You are very small and have problems with some larger weapons.
You are too small for most types of armour.
You have supernaturally acute eyesight. (SInv)
You cover ground extremely quickly. (Speed+++)


   Skills:
 - Level 1.5 Fighting
 + Level 4.1 Ranged Weapons
 - Level 4.0 Dodging
 - Level 1.5 Stealth


You had one spell level left.
You didn't know any spells.
Your spell library was empty.

Inventory:

Hand Weapons
 a - a +0 shortbow (weapon)
Armour
 c - a +0 robe (worn)
Scrolls
 b - a scroll of butterflies
 d - a scroll of teleportation {unknown}
 e - a scroll of poison {unknown}
 f - a scroll of identify {unknown}

Dungeon Overview and Level Annotations

Branches:
Dungeon (1/15)

Altars:


Message History

The jackal barks!
The jackal moves out of view.
You shoot an arrow. The jackal barks!
The arrow hits the jackal but does no damage.
You shoot an arrow. The arrow closely misses the jackal.
You shoot an arrow. The arrow completely misses the jackal.
You shoot an arrow. The arrow closely misses the jackal.
The jackal closely misses you.
You shoot an arrow. The arrow closely misses the jackal.
The jackal bites you. x2; The jackal closely misses you.
The jackal misses you.
You shoot an arrow. The arrow hits the jackal.
The jackal is almost dead.
The jackal misses you. The jackal bites you. The jackal misses you.
The jackal completely misses you.
You shoot an arrow. The arrow barely misses the jackal.
The jackal completely misses you. The jackal misses you.
You shoot an arrow. The arrow closely misses the jackal.
The jackal closely misses you. The jackal barely misses you.
The jackal misses you. The jackal barely misses you.
You shoot an arrow. The arrow hits the jackal!
You kill the jackal!
The jackal completely misses you. x2; The jackal barely misses you.
You shoot an arrow.
The arrow hits the jackal but does no damage.
The jackal misses you. The jackal bites you. The jackal barely misses you.
You shoot an arrow. The arrow hits the jackal.
The jackal is lightly wounded.
The jackal completely misses you. The jackal closely misses you. x2
You shoot an arrow. The arrow hits the jackal.
You kill the jackal!
The jackal bites you. The jackal misses you.
You shoot an arrow. The arrow completely misses the jackal.
The jackal bites you.
You shoot an arrow. The arrow hits the jackal.
The jackal is almost dead.
The jackal bites you. The jackal completely misses you.
You shoot an arrow. The arrow closely misses the jackal.
The jackal barely misses you. The jackal bites you.
You die...

##.%..............#
###.
#..#..#######)########.
#..#..# #..).%.......
#. #..# #.#...####### #
#..# #.###.# #.## # #.#
#.######.# #.#
##..#........# #.#
.........@###### #.#
###.#####h%........#
#.########## #.# #.#
#.# ..# ###


You could see a jackal.

Vanquished Creatures
  A dart slug (D:1)
  3 ball pythons (D:1)
  2 endoplasms (D:1)
  3 goblins (D:1)
  2 hobgoblins (D:1)
  2 jackals (D:1)
  A bat (D:1)
14 creatures vanquished.

Notes
Turn   | Place    | Note
-------+----------+-------------------------------------------
     0 | D:1      | qw the Spriggan Hunter began the quest for the Orb.
     0 | D:1      | Reached XP level 1. HP: 10/10 MP: 2/2
     0 | D:1      | 0 ||| qw: Version: 0.3-a-160-g6735b56
     0 | D:1      | 0 ||| qw: Game counter: 6508
     0 | D:1      | 0 ||| qw: Melee chars always use a shield: true
     0 | D:1      | 0 ||| qw: God list: Okawaru
     0 | D:1      | 0 ||| qw: Allow faded altars: false
     0 | D:1      | 0 ||| qw: Do Orc after clearing Dungeon:15 true
     0 | D:1      | 0 ||| qw: Do second Lair branch before Depths: true
     0 | D:1      | 0 ||| qw: Lair rune preference: random
     0 | D:1      | 0 ||| qw: Goals: Normal
     0 | D:1      | 0 ||| PLANNING D:1-11
    84 | D:1      | Reached skill level 3 in Dodging
   134 | D:1      | Reached XP level 2. HP: 14/14 MP: 3/3
   213 | D:1      | HP: 3/14 [jackal (2)]
   214 | D:1      | HP: 1/14 [jackal (2)]
   215 | D:1      | Slain by a jackal

Levels and vault maps discovered:
D:1:      ebering_hopf_link, layout_loops_ring

Skill      XL: |  1  2 |
---------------+-------+-----
Dodging        | 3 4 |  4.0
Fighting       | |  1.5
Ranged Weapons | |  4.1
Stealth        | |  1.5

Action                     || total
---------------------------++-------
   Fire: Shortbow          ||    44
 Armour: Robe              ||     8
  Dodge: Dodged            ||    25

Table legend:
 A = Non-vault XP
 B = Vault XP
 C = Vault XP percentage of total XP
 D = Non-vault monster count
 E = Vault monster count
 F = Vault count percentage of total count
                 A         B        C        D         E       F
            +---------+---------+-------+---------+---------+-------
      Total |      27 |       0 |   0.0 |      14 |       0 |   0.0
            +---------+---------+-------+---------+---------+-------
        D:1 |      27 |       0 |   0.0 |      14 |       0 |   0.0
            +---------+---------+-------+---------+---------+-------
